 Dungeon Crawl Stone Soup version 0.21.1-1-g345015f (webtiles) character file.

45 Mirai the Sneak (level 3, -6/20 HPs)
             Began as a Kobold Enchanter on Apr 29, 2018.
             Killed from afar by Robin (9 damage)
             ... with a wand of flame (23)
             ... on level 1 of the Dungeon.
             The game lasted 00:03:47 (1182 turns).

Mirai the Sneak (Kobold Enchanter)                  Turns: 1182, Time: 00:03:48

Health: -6/20      AC:  2    Str:  5    XL:     3   Next: 90%
Magic:  1/6        EV: 21    Int: 16    God:
Gold:   18         SH:  0    Dex: 16    Spells: 5/7 levels left

rFire    . . .     SeeInvis .   a - +2 dagger
rCold    . . .     Gourm    .   (shield restricted)
rNeg     . . .     Faith    .   b - +0 robe
rPois    .         Spirit   .   (no helmet)
rElec    .         Reflect  .   (no cloak)
rCorr    .         Harm     .   (no gloves)
MR       .....                  (no boots)
Stlth    +++.......             (no amulet)
HPRegen  0.06/turn              f - +5 ring of evasion
MPRegen  0.10/turn              (no ring)

@: very slightly contaminated
A: small, carnivore
a: no special abilities


You were on level 1 of the Dungeon.
You were completely stuffed.

You visited 1 branch of the dungeon, and saw 3 of its levels.

You collected 18 gold pieces.

Inventory:

Hand Weapons
 a - a +2 dagger (weapon)
Armour
 b - a +0 robe (worn)
Jewellery
 f - a +5 ring of evasion (left hand)
Scrolls
 g - a scroll of remove curse {unknown}
 h - a scroll of identify {unknown}
Potions
 i - a potion of flight
Books
 c - a book of Maledictions

   Spells                             Type                      Level
   a - Corona                         Hexes                        1
   b - Ensorcelled Hibernation        Hexes/Ice                    2
   c - Confuse                        Hexes                        3
   d - Tukima's Dance                 Hexes                        3
   e - Dazzling Spray                 Conjuration/Hexes            3
Comestibles
 d - 3 rations
 l - a chunk of flesh


   Skills:
 + Level 0.5 Fighting
 + Level 2.0 Short Blades
 + Level 2.9 Dodging
 * Level 4.7 Stealth
 + Level 2.5 Spellcasting
 + Level 3.2 Hexes
 + Level 0.5 Ice Magic


You had 5 spell levels left.
You knew the following spells:

 Your Spells              Type           Power        Failure   Level  Hunger
b - Ensorcelled Hibernat  Hex/Ice        #.....       14%         2    ##.....


Dungeon Overview and Level Annotations

Branches:
Dungeon (3/15)

Altars:

Annotations:
D:1 Robin


Innate Abilities, Weirdness & Mutations

You are small and have problems with some larger weapons.
You are carnivorous and can eat meat at any time.


Message History

Robin hits you but does no damage. The hobgoblin closely misses you.
You barely miss the hobgoblin.
The hobgoblin is almost dead.
The goblin barely misses you. The hobgoblin completely misses you.
The hobgoblin misses you.
You hit the hobgoblin.
You kill the hobgoblin!
The goblin completely misses you. The hobgoblin closely misses you.
Robin throws the goblin at you! The goblin misses you.
You hit the goblin but do no damage. The goblin closely misses you.
Robin barely misses you. The goblin completely misses you.
The hobgoblin completely misses you.
You closely miss the goblin. The goblin closely misses you. Robin misses you.
The goblin hits you.
* * * LOW HITPOINT WARNING * * *
The hobgoblin completely misses you.
You hit the goblin.
You kill the goblin!
The goblin barely misses you.
Robin zaps a wand.
The puff of flame hits you!
You die...

# #######'##..###.#.#.###.# #
#..#..#.#.#.#...#.### #
##.#..#.#.###.###.... #
#................... # ###
####..#.....###...^... #
#>####<#...+.....# #....... #
#...#..#...#.....# #....... #
#.#...##.#)#.....# #.......
###..###.#@g...### ####....
#...###.#gg#..########....
##..#.#.#g................
#....##......#####..##....
#....####.#...# #..##....
######.....#.......# #..##....
###...##....########.####..##....
#.#.#.###..(.# #...#.....##....
......# #....### #.###.###.##....


You could see Robin, 2 hobgoblins and a goblin.

Vanquished Creatures
  An ooze (D:1)
  2 worms (D:2)
  A ball python (D:1)
  2 giant cockroaches (D:1)
  8 goblins
  3 hobgoblins (D:1)
  7 jackals
  2 bats (D:1)
  3 rats (D:1)
29 creatures vanquished.

Notes
Turn   | Place    | Note
-------+----------+-------------------------------------------
     0 | D:1      | Mirai the Kobold Enchanter began the quest for the Orb.
     0 | D:1      | Reached XP level 1. HP: 10/10 MP: 3/3
   146 | D:1      | Reached XP level 2. HP: 9/15 MP: 5/5
   346 | D:1      | Learned a level 2 spell: Ensorcelled Hibernation
   443 | D:1      | Reached XP level 3. HP: 11/19 MP: 6/6
  1165 | D:2      | Noticed Robin
  1182 | D:1      | Killed from afar by Robin

Skill      XL: |  1  2  3 |
---------------+----------+-----
Short Blades   | 2 |  2.0
Fighting       | |  0.5
Dodging        | |  2.9
Stealth        | |  4.7
Spellcasting   | |  2.5
Hexes          | |  3.2
Ice Magic      | |  0.5

Action                   || total
-------------------------++-------
Melee: Dagger            ||   133
 Cast: Ensorcelled Hiber ||    13
       Corona            ||     2
  Use: Scroll            ||     3
       Potion            ||     1
 Stab: Sleeping          ||     9
  Eat: Chunk             ||    10
Armor: Robe              ||    14
Dodge: Dodged            ||   203
